 Dungeon Crawl Stone Soup version 0.19-a0-821-gf489216 (webtiles) character file.

65771 Fubayashi the Thaumaturge (level 15, -1/91 HPs)
             Began as a Gargoyle Earth Elementalist on June 28, 2016.
             Was the Champion of Vehumet.
             Slain by a harpy simulacrum (3 damage)
             ... in an ice cave on June 29, 2016.
             The game lasted 03:05:21 (37384 turns).

Fubayashi the Thaumaturge (GrEE)                   Turns: 37384, Time: 03:05:22

Health: -1/91      AC: 23    Str: 12    XL:     15   Next: 17%
Magic:  5/31       EV: 18    Int: 28    God:    Vehumet [******]
Gold:   2084       SH:  6    Dex: 19    Spells: 7 memorised, 5 levels left

rFire  . . .     SeeInvis .     t - +4 mace
rCold  . . .     Gourm    .     g - +2 robe {MR+}
rNeg   + + .     Faith    .     X - +0 buckler of Beauty {rElec rCorr Stlth+}
rPois  ∞         Spirit   .     w - +0 helmet
rElec  +         Dismiss  .     P - +0 cloak
rCorr  +         Reflect  .     i - +2 pair of gloves
SustAt .         Harm     +     j - +1 pair of boots of the Evening Star {rPois Dex+4}
MR     +++..                    I - amulet of harm
Stlth  +++.......               T - ring of protection from magic
                                E - ring "Tiuqy" {rN+ Int+6 Dex+5}

@: about to teleport, slowed, very slow, extremely resistant to hostile
enchantments, fairly stealthy
A: big wings, negative energy resistance 1, electricity resistance, unbreathing,
petrification resistance, rot immunity, AC +11
a: Fly, Renounce Religion


You were in an ice cave.
You worshipped Vehumet.
Vehumet was exalted by your worship.
You were not hungry.

You visited 5 branches of the dungeon, and saw 20 of its levels.
You also visited: Ice Cave.

You collected 2734 gold pieces.
You spent 650 gold pieces at shops.

Inventory:

Hand Weapons
 t - a +4 mace (weapon)
Armour
 g - a +2 robe of magic resistance (worn)
 i - a +2 pair of gloves (worn)
 j - the +1 pair of boots of the Evening Star (worn) {rPois Dex+4}
   (You bought it in a shop on level 2 of the Orcish Mines)

   It affects your dexterity (+4).
   It protects you from poison.
 k - the +3 pair of boots of Focus {*Contam rF+++ rCorr Dex-4}
   (You bought it in a shop on level 2 of the Orcish Mines)

   It affects your dexterity (-4).
   It renders you almost immune to fire.
   It causes magical contamination when unequipped.
   It protects you from acid and corrosion.
 w - a +0 helmet (worn)
 P - a +0 cloak (worn)
 X - the +0 buckler of Beauty (worn) {rElec rCorr Stlth+}
   (You took it off a red devil on level 6 of the Lair of Beasts)

   It insulates you from electricity.
   It protects you from acid and corrosion.
   It makes you more stealthy.
Jewellery
 E - the ring "Tiuqy" (left hand) {rN+ Int+6 Dex+5}
   (You found it on level 4 of the Lair of Beasts)

   [ring of positive energy]

   It affects your intelligence (+6).
   It affects your dexterity (+5).
   It protects you from negative energy.
 I - an amulet of harm (around neck)
 T - a ring of protection from magic (right hand)
 V - an uncursed ring of protection from fire
Scrolls
 a - 9 scrolls of remove curse {@r2}
 b - a scroll of amnesia
 c - a scroll of vulnerability {unknown}
 h - 2 scrolls of noise {unknown}
 n - a scroll of torment {unknown}
 s - a scroll of teleportation {@r4}
 z - a scroll of brand weapon {unknown}
 C - 2 scrolls of magic mapping
 H - 5 scrolls of identify {@r1}
 L - a scroll of acquirement {unknown}
 R - 2 scrolls of fog
 W - 2 scrolls of blinking {unknown}
Potions
 f - 2 potions of cancellation
 o - a potion of cure mutation
 p - 2 potions of ambrosia
 q - 2 potions of curing {@q1}
 v - a potion of haste {@q3}
 x - a potion of resistance
 B - a potion of flight
 J - 2 potions of magic
 O - 2 potions of might
 Q - 2 potions of agility
Books
 e - a book of Geomancy

   Spells                             Type                      Level
   a - Sandblast                      Earth                        1
   b - Passwall                       Transmutation/Earth          2
   c - Stone Arrow                    Conjuration/Earth            3
   d - Petrify                        Transmutation/Earth          4
   e - Lee's Rapid Deconstruction     Earth                        5
 A - a book of the Earth

   Spells                             Type                      Level
   a - Leda's Liquefaction            Hexes/Earth                  4
   b - Bolt of Magma                  Conjuration/Fire/Earth       5
   c - Statue Form                    Transmutation/Earth          6
   d - Iron Shot                      Conjuration/Earth            6
   e - Shatter                        Earth                        9
Miscellaneous
 D - a phantom mirror
Comestibles
 d - 11 bread rations {@e1}
 u - 10 meat rations {@e1}
 M - 10 fruits {@e2}


   Skills:
 + Level 9.4 Fighting
 + Level 8.1 Maces & Flails
 - Level 5.0 Armour
 + Level 7.2 Dodging
 - Level 2.1 Stealth
 - Level 4.0 Shields
 * Level 12.1 Spellcasting
 + Level 9.9 Conjurations
   Level 0.7 Transmutations
 + Level 7.4 Fire Magic
 + Level 11.7 Earth Magic
 + Level 7.8 Evocations


You had 5 spell levels left.
You knew the following spells:

 Your Spells              Type           Power        Failure   Level  Hunger
a - Sandblast             Erth           ######       1%          1    None
b - Stone Arrow           Conj/Erth      ######       1%          3    None
c - Lee's Rapid Deconstr  Erth           ######....   1%          5    ##.....
d - Bolt of Magma         Conj/Fire/Erth ######....   1%          5    ##.....
e - Delayed Fireball      Conj/Fire      N/A          34%         7    ######.
f - Iron Shot             Conj/Erth      ######....   2%          6    #####..
g - Bolt of Fire          Conj/Fire      ######....   4%          6    #####..


Dungeon Overview and Level Annotations

Branches:
Dungeon (10/15)            Temple (1/1) D:6            Lair (6/6) D:10
 Shoals (0/4) Lair:3       Spider (0/4) Lair:4        Slime (0/5) Lair:6
    Orc (2/2) D:10            Elf (1/3) Orc:2

Altars:
Ashenzari
Cheibriados
Dithmenos
Elyvilon
Fedhas
Gozag
Hepliaklqana
Kikubaaqudgha
Makhleb
Nemelex Xobeh
Okawaru
Pakellas
Qazlal
Ru
Sif Muna
Trog
Uskayaw
Vehumet
Xom
Yredelemnul
Zin
The Shining One
Beogh
Jiyva

Shops:
D:9 :   Orc:2 [*![

Portals:
Hell: Lair:6

Annotations:
D:9 Gastronok


Innate Abilities, Weirdness & Mutations

You are resistant to torment.
Your stone body is resilient. (AC +11)
You are immune to poison.
Your large and strong wings let you fly indefinitely.
You resist negative energy. (rN+)
You are resistant to electric shocks. (rElec)
You can survive without breathing.
You are immune to petrification.
You are immune to rotting.


Message History

The wolf simulacrum bites you but does no damage.
The Ice Fiend calls on the powers of darkness!
Your body is wracked with pain!
You feel better. The harpy simulacrum claws you!
The harpy simulacrum freezes you!
You block the harpy simulacrum's attack.
The wolf simulacrum bites you but does no damage.
You block the harpy simulacrum's attack.
The harpy simulacrum closely misses you.
You block the freezing wraith's attack. The freezing wraith hits you.
* * * LOW HITPOINT WARNING * * *
The freezing wraith drains your vigour!
You feel yourself slow down. The Ice Fiend gestures at you.
The bolt of cold hits you!
* * * LOW HITPOINT WARNING * * *
The wolf simulacrum closely misses you.
The harpy simulacrum claws you but does no damage.
The harpy simulacrum claws you.
You die...

#$$$$ #..
$$.##
#..#
$...##..#
.......#
......#
#4Z.≈.#
#1Z4.#
#@WZ.#
##ZZ##
.## ##


You could see an Ice Fiend, 2 ice devils, a freezing wraith, 3 wolf simulacra
and 2 harpy simulacra.

Vanquished Creatures
  A deep elf sorcerer (Elf:1)
  2 orc warlords
  A dire elephant (Lair:6)
  Snorg (Orc:1)
  3 hydras
  4 death yaks (Lair:6)
  A dancing weapon (Elf:1)
  A deep elf knight (Elf:1)
  A flayed ghost (D:8)
  4 hill giants (D:10)
  A deep elf archer (Elf:1)
  A wizard (Lair:6)
  5 orc knights (Orc:2)
  4 deep elf magi
  2 orc sorcerers (Orc:2)
  A cyclops (Orc:1)
  A sixfirhy (Lair:6)
  3 griffons
  2 oklob plants (D:10)
  A manticore (Lair:3)
  5 black mambas
  An ice statue (IceCv)
  3 orange demons (Lair:6)
  A smoke demon (Lair:6)
  12 spiny frogs
  2 komodo dragons
  A hellwing (Lair:6)
  2 rime drakes (Lair:6)
  4 red devils (Lair:6)
  An ice devil (Lair:6)
  3 trolls
  2 polar bears
  10 blink frogs (Lair:6)
  Grinder (D:4)
  A spriggan (Lair:4)
  4 wraiths
  5 fire bats (D:8)
  3 shadows
  Sigmund (D:2)
  47 yaks
  A dire elephant simulacrum (IceCv)
  5 basilisks
  7 hippogriffs
  A fire elemental (Elf:1)
  A death yak simulacrum (IceCv)
  A hungry ghost (D:10)
  5 harpy simulacra (IceCv)
  7 wargs
  A mottled dragon (D:9)
  13 water moccasins
  A hydra simulacrum (IceCv)
  A hell hound (Lair:6)
  7 porcupines
  Duvessa (D:3)
  54 orc warriors
  2 wasps (D:10)
  A black bear (Lair:4)
  3 sky beasts
  2 phantoms
  7 ice beasts
  9 centaurs
  15 wolves
  16 ogres
  9 crocodiles
  16 giant frogs
  3 big kobolds (D:8)
  2 wyvern zombies
  An earth elemental (Elf:1)
  A water moccasin zombie (D:6)
  Dowan (D:4)
  A wyvern skeleton (D:10)
  A water moccasin skeleton (D:6)
  6 scorpions
  A swamp dragon simulacrum (IceCv)
  6 killer bees
  5 wights (D:7)
  4 howler monkeys
  8 crimson imps
  A giant frog zombie (D:6)
  2 quasits
  3 draconian simulacra (IceCv)
  6 hounds
  3 jellies
  Crazy Yiuf (D:2)
  A gnoll shaman (D:3)
  19 orc priests
  2 giant frog skeletons
  5 centaur skeletons
  4 iguanas
  Terence (D:4)
  18 orc wizards
  Natasha (thrice) (D:4)
  6 worker ants
  A spriggan simulacrum (IceCv)
  2 troll simulacra (IceCv)
  8 sheep (Lair:6)
  2 wolf simulacra (IceCv)
  A howler monkey zombie (D:8)
  Robin (D:2)
  22 gnolls
  6 adders
  3 naga simulacra (IceCv)
  64 river rats
  3 shadow imps
  7 white imps (IceCv)
  7 ufetubi (IceCv)
  2 adder zombies (D:9)
  5 worms
  5 giant geckos
  105 orcs
  5 giant cockroaches
  2 gnoll zombies (D:8)
  20 goblins
  13 hobgoblins
  13 jackals
  13 kobolds
  6 quokkas
  53 bats
  2 giant gecko skeletons
  8 giant newts
  2 jackal skeletons
  2 quokka skeletons
  A quokka zombie (D:5)
  9 rats
  2 fungi (Lair:6)
  A plant (D:10)
846 creatures vanquished.

Vanquished Creatures (others)
  A white imp (IceCv)
  An orc (Orc:2)
  8 fungi (Lair:6)
  8 plants
18 creatures vanquished.

Grand Total: 864 creatures vanquished

Notes
Turn   | Place    | Note
--------------------------------------------------------------
     0 | D:1      | Fubayashi the Gargoyle Earth Elementalist began the quest for the Orb.
     0 | D:1      | Reached XP level 1. HP: 10/10 MP: 3/3
   340 | D:1      | Reached XP level 2. HP: 4/15 MP: 3/5
  1165 | D:1      | Reached XP level 3. HP: 19/19 MP: 4/7
  1513 | D:2      | Found a hazy altar of Hepliaklqana.
  1613 | D:2      | Learned a level 3 spell: Stone Arrow
  1760 | D:2      | Reached skill level 3 in Spellcasting
  1890 | D:2      | Found a shimmering altar of Xom.
  1891 | D:2      | Found a shimmering altar of Xom.
  1891 | D:2      | Found a shimmering altar of Xom.
  1892 | D:2      | Noticed Sigmund
  1892 | D:2      | Noticed Robin
  1893 | D:2      | Found a shimmering altar of Xom.
  2340 | D:3      | Reached XP level 4. HP: 24/24 MP: 5/8
  2343 | D:3      | Reached skill level 1 in Conjurations
  2922 | D:3      | Reached XP level 5. HP: 27/28 MP: 10/10
  3117 | D:3      | Noticed an ice beast
  3125 | D:3      | Killed an ice beast
  3125 | D:3      | Reached skill level 4 in Spellcasting
  3125 | D:3      | Reached skill level 5 in Earth Magic
  3125 | D:3      | Reached XP level 6. HP: 32/32 MP: 5/12
  3316 | D:2      | Found a shimmering altar of Xom.
  3316 | D:2      | Found a shimmering altar of Xom.
  3316 | D:2      | Found a shimmering altar of Xom.
  3700 | D:2      | Killed Robin
  3872 | D:2      | Found a runed door.
  3940 | D:2      | Killed Sigmund
  3940 | D:2      | Reached skill level 5 in Spellcasting
  4064 | D:3      | Reached XP level 7. HP: 28/36 MP: 7/14
  4065 | D:3      | Found a faded altar of an unknown god.
  4164 | D:2      | Learned a level 5 spell: Lee's Rapid Deconstruction
  4240 | D:3      | Found a blossoming altar of Fedhas.
  4389 | D:3      | Found a sacrificial altar of Ru.
  4391 | D:3      | Found a glowing golden altar of the Shining One.
  5916 | D:4      | Noticed Duvessa
  5916 | D:4      | Noticed Dowan
  5970 | D:4      | Noticed Terence
  5997 | D:4      | Killed Terence
  6073 | D:4      | Reached skill level 1 in Fighting
  6073 | D:4      | Reached skill level 1 in Armour
  6078 | D:4      | Reached skill level 1 in Maces & Flails
  6210 | D:4      | Killed Dowan
  6215 | D:4      | Noticed Grinder
  6215 | D:4      | Noticed Natasha
  6232 | D:4      | Paralysed by Grinder for 2 turns
  6397 | D:3      | Killed Duvessa
  6662 | D:4      | Killed Grinder
  6662 | D:4      | Reached skill level 1 in Evocations
  6662 | D:4      | Reached XP level 8. HP: 37/44 MP: 0/16
  6806 | D:4      | Killed Natasha
  6888 | D:4      | Noticed Natasha
  6891 | D:4      | Killed Natasha
  6939 | D:4      | Noticed Natasha
  6943 | D:4      | Killed Natasha
  7072 | D:4      | Found an opulent altar of Gozag.
  7253 | D:5      | Entered Level 5 of the Dungeon
  7296 | D:5      | Noticed a hand axe
  7296 | D:5      | Noticed a hand axe
  7303 | D:5      | Found a hide-covered altar of Uskayaw.
  7433 | D:5      | Reached skill level 6 in Spellcasting
  7877 | D:5      | Found a shattered altar of Ashenzari.
  8378 | D:5      | You fall through a shaft!
  8422 | D:6      | Found a glowing silver altar of Zin.
  8462 | D:6      | Reached XP level 9. HP: 43/49 MP: 18/18
  8528 | D:6      | Found a sparkling altar of Nemelex Xobeh.
  8538 | D:6      | Found a staircase to the Ecumenical Temple.
  8545 | Temple   | Entered the Ecumenical Temple
  8599 | Temple   | Became a worshipper of Vehumet
  9816 | D:6      | Found a burning altar of Makhleb.
  9931 | D:7      | Reached skill level 5 in Conjurations
 10132 | D:7      | Found a bloodstained altar of Trog.
 10138 | D:7      | Got a scintillating turquoise ring
 10182 | D:7      | Identified the ring of Viufadwidil {*Corrode rPois rC+ Dex+4} (You found it on level 7 of the Dungeon)
 10551 | D:7      | Reached skill level 7 in Spellcasting
 10556 | D:7      | Reached * piety under Vehumet
 10556 | D:7      | Offered knowledge of Freeze by Vehumet.
 10610 | D:7      | Found a shadowy altar of Dithmenos.
 11329 | D:8      | Reached XP level 10. HP: 54/58 MP: 14/21
 11444 | D:8      | Learned a level 5 spell: Bolt of Magma
 11812 | D:8      | Offered knowledge of Throw Frost by Vehumet.
 11853 | D:8      | Reached ** piety under Vehumet
 11925 | D:8      | Reached skill level 1 in Fire Magic
 12374 | D:8      | Offered knowledge of Dazzling Spray by Vehumet.
 12389 | D:8      | Reached *** piety under Vehumet
 12399 | D:8      | Found a bloodstained altar of Trog.
 12602 | D:8      | Reached skill level 5 in Fighting
 12602 | D:8      | Reached skill level 8 in Spellcasting
 12619 | D:8      | Found a bloodstained altar of Trog.
 12623 | D:8      | Found a hazy altar of Hepliaklqana.
 12666 | D:8      | Found a shadowy altar of Dithmenos.
 12898 | D:8      | Found a runed door.
 12899 | D:8      | Found a basalt altar of Yredelemnul.
 12906 | D:8      | Found a glowing silver altar of Zin.
 13006 | D:8      | Offered knowledge of Airstrike by Vehumet.
 13418 | D:8      | Found a basalt altar of Yredelemnul.
 13717 | D:2      | Noticed Crazy Yiuf
 13719 | D:2      | Killed Crazy Yiuf
 13932 | D:8      | Noticed a flayed ghost
 13937 | D:8      | Killed a flayed ghost
 13937 | D:8      | Reached XP level 11. HP: 55/63 MP: 10/23
 14359 | D:9      | Noticed Gastronok
 14396 | D:9      | Reached skill level 5 in Armour
 14542 | D:9      | Reached **** piety under Vehumet
 14598 | D:9      | Got a fine robe
 14624 | D:9      | Found a burning altar of Makhleb.
 14780 | D:9      | Found Buapuec's Book Emporium.
 15084 | D:9      | Found a deep blue altar of Sif Muna.
 15944 | D:9      | Found a white marble altar of Elyvilon.
 16187 | D:9      | Offered knowledge of Iskenderun's Battlesphere by Vehumet.
 16289 | D:10     | Entered Level 10 of the Dungeon
 16310 | D:10     | Identified the +0 robe "Lacuf" {*Confuse Str+3 Dex+2} (You took it off a centaur on level 9 of the Dungeon)
 16362 | D:10     | Noticed a hill giant
 16603 | D:10     | Killed a hill giant
 16604 | D:10     | Reached skill level 5 in Maces & Flails
 17298 | D:10     | Reached skill level 9 in Spellcasting
 17352 | D:10     | Found a staircase to the Lair.
 17360 | D:10     | Noticed an oklob plant
 17360 | D:10     | Noticed an oklob plant
 17466 | D:10     | Killed an oklob plant
 17637 | D:10     | Killed an oklob plant
 17681 | D:10     | Noticed a hill giant
 17688 | D:10     | Killed a hill giant
 17688 | D:10     | Reached skill level 5 in Dodging
 17778 | D:10     | Noticed a hill giant
 17789 | D:10     | Killed a hill giant
 17789 | D:10     | Reached skill level 5 in Evocations
 18433 | D:10     | Noticed a hill giant
 18530 | D:10     | Killed a hill giant
 18530 | D:10     | Reached XP level 12. HP: 42/71 MP: 20/25
 18708 | D:10     | Found a staircase to the Orcish Mines.
 18937 | Lair:1   | Entered Level 1 of the Lair of Beasts
 19037 | Lair:1   | Noticed a seven-headed hydra
 19058 | Lair:1   | Killed a seven-headed hydra
 19209 | Lair:1   | Reached ***** piety under Vehumet
 19518 | Lair:1   | Offered knowledge of Delayed Fireball by Vehumet.
 19548 | Lair:1   | Learned a level 7 spell: Delayed Fireball
 21399 | Lair:2   | Reached skill level 10 in Spellcasting
 21995 | Lair:3   | Found a staircase to the Shoals.
 22451 | Lair:3   | Found a shimmering altar of Xom.
 23613 | Lair:4   | Got a clouded pewter ring
 23615 | Lair:4   | Identified the ring "Tiuqy" {rN+ Int+6 Dex+5} (You found it on level 4 of the Lair of Beasts)
 23820 | Lair:4   | Reached skill level 5 in Fire Magic
 23820 | Lair:4   | Reached XP level 13. HP: 76/76 MP: 3/27
 24030 | Lair:4   | Found a hole to the Spider Nest.
 24143 | Lair:4   | Reached skill level 10 in Earth Magic
 24565 | Lair:4   | Upgraded the game from 0.19-a0-811-gf4045fb to 0.19-a0-821-gf489216
 24882 | Lair:5   | Offered knowledge of Spellforged Servitor by Vehumet.
 25824 | Lair:6   | Entered Level 6 of the Lair of Beasts
 26419 | Lair:6   | Noticed a dire elephant
 26426 | Lair:6   | Killed a dire elephant
 26580 | Lair:6   | Found a burning altar of Makhleb.
 26585 | Lair:6   | Reached skill level 11 in Spellcasting
 27286 | Lair:6   | Got a shimmering buckler
 27766 | Lair:6   | Reached skill level 1 in Shields
 28093 | Lair:6   | Gained mutation: Your large and strong wings let you fly indefinitely. [Gargoyle growth]
 28093 | Lair:6   | Reached XP level 14. HP: 84/84 MP: 20/29
 28990 | Lair:6   | Reached ****** piety under Vehumet
 29254 | Lair:6   | Offered knowledge of Freezing Cloud by Vehumet.
 29409 | Lair:6   | Found a viscous altar of Jiyva.
 29410 | Lair:6   | Found a staircase to the Slime Pits.
 29715 | Lair:6   | Found a gateway to Hell.
 30208 | Lair:1   | Identified a -1 rod of inaccuracy (14/14) {!a} (You found it on level 2 of the Lair of Beasts)
 30225 | Lair:1   | Identified the +0 buckler of Beauty {rElec rCorr Stlth+} (You took it off a red devil on level 6 of the Lair of Beasts)
 30279 | Orc:1    | Entered Level 1 of the Orcish Mines
 30618 | Orc:1    | Noticed Snorg
 30621 | Orc:1    | Killed Snorg
 31039 | Orc:2    | Entered Level 2 of the Orcish Mines
 31133 | Orc:2    | Noticed an orc warlord
 31293 | Orc:2    | Killed an orc warlord
 31540 | Orc:2    | Noticed an orc warlord
 31679 | Orc:1    | Killed an orc warlord
 32091 | Orc:2    | Found a bloodstained altar of Trog.
 32184 | Orc:2    | Offered knowledge of Irradiate by Vehumet.
 32704 | Orc:2    | Found Retiab's Antique Armour Shoppe.
 32806 | Orc:2    | Found Vifrecif's Distillery.
 32893 | Orc:2    | Bought a potion of heal wounds for 80 gold pieces
 33827 | Orc:2    | Found Ijeasa's Assorted Antiques.
 33827 | Orc:2    | Found Kaos's Antique Armour Shop.
 34154 | Orc:2    | Found a roughly hewn altar of Beogh.
 34341 | Orc:2    | Found a staircase to the Elven Halls.
 34514 | Orc:2    | Reached skill level 12 in Spellcasting
 34563 | Orc:2    | Bought a pair of ichor-stained boots for 285 gold pieces
 34563 | Orc:2    | Bought a pair of fine boots for 285 gold pieces
 34584 | Orc:2    | Identified the +1 pair of boots of the Evening Star {rPois Dex+4} (You bought it in a shop on level 2 of the Orcish Mines)
 34594 | Orc:2    | Identified the +3 pair of boots of Focus {*Contam rF+++ rCorr Dex-4} (You bought it in a shop on level 2 of the Orcish Mines)
 35078 | Elf:1    | Entered Level 1 of the Elven Halls
 35083 | Elf:1    | Noticed a deep elf sorcerer
 35087 | Elf:1    | Killed a deep elf sorcerer
 35087 | Elf:1    | Reached XP level 15. HP: 90/90 MP: 15/31
 35112 | Elf:1    | Found a radiant altar of Vehumet.
 35460 | Elf:1    | Found a frozen archway.
 35467 | IceCv    | Entered an ice cave
 35546 | IceCv    | Learned a level 6 spell: Iron Shot
 37137 | IceCv    | Offered knowledge of Bolt of Fire by Vehumet.
 37145 | IceCv    | Learned a level 6 spell: Bolt of Fire
 37381 | IceCv    | Noticed an Ice Fiend
 37384 | IceCv    | HP: 2/91 [Ice Fiend/bolt of cold (19)]
 37384 | IceCv    | Slain by a harpy simulacrum

Vault maps used:
D:1:      nicolae_arrival_memento_mori, hangedman_decor_points, minivault_5,
          minmay_misc_feat_hallway, hex_tiny
D:2:      lemuel_crystal_altar, xom_redecorated, minmay_tromino_v4_a,
          uniq_terence, uniq_sigmund, uniq_crazy_yiuf_cottage, uniq_robin
D:3:      nicolae_overflow_hidden_temple, serial_bayou, serial_bayou_crossing,
          serial_bayou_lagoon_b, serial_bayou_pond_c, serial_bayou_pond_a,
          ecumenical_altar_2, grunt_decor_mini_mirrors, fedhas_altar_3
D:4:      kennysheep_mini_moat, nicolae_ossuary_entry_monument, minivault_5,
          uniq_duvessa, uniq_grinder, uniq_natasha
D:5:      dancing_weapons_uskayaw, first_bread, basic_altar,
          minmay_misc_feat_rows, corner_web_ring, nemelex_spade_bored_becter
D:6:      zin_treasury, nemelex_xobeh_ov_fountains_minmay, kennysheep_little_box
D:7:      lemuel_crystal_altar, nicolae_dithmenos_shadow_blocks
D:8:      due_megacathedral, lemuel_zombie_altar_yredelemnul,
          blue_anna_alchemist, sigmund_army
D:9:      minmay_blocky_corners, lemuel_coloured_pillars_altar, led_sif_pool,
          serial_shops, shop_fountains, bloody_makhleb, uniq_gastronok
D:10:     dpeg_oklobed_lair, david_orc_4
Temple:   jpeg_temple_island
Lair:1:   grunt_megastairs_1
Lair:2:   st_stairs_12, hangedman_lair_unloving_vines
Lair:3:   minmay_shoals_entry_beasts, serial_forest, infiniplex_forest_end_1,
          infiniplex_forest_split, infiniplex_forest_end_1,
          infiniplex_forest_straight_4, infiniplex_forest_lined_1,
          infiniplex_forest_lined_4_way, infiniplex_forest_lined_1, basic_altar,
          fungi_pond_lemuel
Lair:4:   nicolae_spider_entry_non_spiders, grunt_forest_stairs_clearing,
          grunt_megastairs_3, bh_autumn_forest_stairs
Lair:5:   kennysheep_basilisk_garden
Lair:6:   evil_forest, dpeg_slime_entry_enclosed_altar, grunt_megastairs_4,
          serial_bayou_shore_a
Orc:1:    uniq_snorg
Orc:2:    st_orc_town, bloody_trog
Elf:1:    eino_elf_arrival_altar, serial_shops, nicolae_shop_trees,
          portal_ice_cave_entry_pillars_2, hangedman_elf_represent, uniq_nikola
IceCv:    ice_cave_caverns_02

Skill      XL: |  1  2  3  4  5  6  7  8  9 10 11 12 13 14 |
---------------+-------------------------------------------+-----
Earth Magic    | 4 5 6 7 8 9 10 11 | 11.7
Spellcasting   | 3 4 5 6 7 8 9 10 11 12 | 12.1
Conjurations   | 1 2 3 4 5 6 7 8 9 |  9.9
Fighting       | 1 2 4 5 6 7 8 9 |  9.4
Armour         | 1 2 3 4 5 |  5.0
Maces & Flails | 1 2 3 4 5 6 7 8 |  8.1
Dodging        | 2 3 4 5 6 7 |  7.2
Evocations     | 1 2 3 4 5 6 7 |  7.8
Fire Magic     | 2 3 5 6 7 |  7.4
Shields        | 1 4 |  4.0
Stealth        | |  2.1
Transmutations | |  0.7

Action                   |  1- 3 |  4- 6 |  7- 9 | 10-12 | 13-15 || total
-------------------------+-------+-------+-------+-------+-------++-------
Melee: Unarmed           |    30 |       |       |       |       ||    30
       Club              |    33 |       |       |       |       ||    33
       Mace              |     7 |    52 |   280 |   687 |   295 ||  1321
       Whip              |       |       |    17 |       |     5 ||    22
 Cast: Sandblast         |    66 |    44 |    19 |       |       ||   129
       Stone Arrow       |       |     6 |    93 |   309 |   386 ||   794
       Bolt of Magma     |       |       |       |    26 |   147 ||   173
       Lee's Rapid Decon |       |       |       |       |     3 ||     3
  Use: Scroll            |       |       |     2 |    16 |     9 ||    27
       Potion            |       |       |       |       |     5 ||     5
 Stab: Sleeping          |     1 |       |     6 |     1 |     1 ||     9
       Distracted        |       |       |       |       |     1 ||     1
  Eat: Chunk             |     5 |     6 |    20 |    35 |    42 ||   108
       Fruit             |       |       |     1 |     8 |     9 ||    18
       Royal jelly       |       |       |     1 |     1 |     1 ||     3
       Pizza             |       |       |     1 |       |     1 ||     2
       Beef jerky        |       |       |       |     1 |     1 ||     2
Armor: Robe              |    46 |    20 |   172 |   262 |    38 ||   538
       Leather armour    |       |       |       |   287 |   147 ||   434
Dodge: Dodged            |    74 |    42 |   261 |   818 |   381 ||  1576
Block: Buckler           |       |       |       |       |    71 ||    71
